 Dungeon Crawl Stone Soup version 0.31.0-32-g396128a36d (webtiles) character file.

Game seed: 2010556560948926376

6073 zhorgal the Grappler (level 10, -1/100 HPs)
             Began as a Troll Fighter on Apr 11, 2024.
             Was a Priest of Wu Jian.
             Slain by a killer bee (4 damage)
             ... summoned by an orange crystal statue
             ... on level 9 of the Dungeon.
             The game lasted 00:23:28 (7180 turns).

zhorgal the Grappler (Troll Fighter)                Turns: 7180, Time: 00:23:29

Health: -1/100     AC: 12    Str: 25    XL:     10   Next: 57%
Magic:  0/9        EV: 11    Int:  3    God:    Wu Jian [***...]
Gold:   482        SH: 10    Dex: 14    Spells: 9/9 levels left

rFire   . .          .
                       - Unarmed
rCold   . . .        b - +0 kite shield
rNeg    + . .        K - +0 acid dragon scales
rPois   +            F - +1 hat
rElec   .            J - +2 ratskin cloak {*Rats rPois rN+ Str-1 Int-1 Dex+1}
rCorr   +            (gloves unavailable)
SInv    .            (boots unavailable)
Will    .....        y - amulet of guardian spirit
Stlth   +            h - ring of poison resistance
HPRegen 1.16/turn    (no ring)
MPRegen 0.11/turn

%: guardian spirit
@: lethally poisoned (-1 -> -6)
A: large, unfitting armour, claws 3, regeneration 1, shaggy fur 1, tough skin 1
a: Renounce Religion, Wall Jump, Serpent's Lash


You were on level 9 of the Dungeon.
You worshipped Wu Jian.
Wu Jian was most pleased with you.
You visited 2 branches of the dungeon, and saw 10 of its levels.
You also visited: Sewer.

You collected 482 gold pieces.

Inventory:

Missiles
 e - 94 stones (quivered)
 k - 56 poisoned darts
 x - a boomerang
 B - 3 large rocks
 G - a curare-tipped dart
Armour
 a - a +0 robe
 b - a +0 kite shield (worn)
 w - a scarf of repulsion
 F - a +1 hat (worn)
 J - the +2 ratskin cloak (worn) {*Rats rPois rN+ Str-1 Int-1 Dex+1}
   (You found it on level 6 of the Dungeon)

   *Rats:     When the wearer is hurt, rats may emerge from it to assist them.
   Str-1:     It affects your strength (-1).
   Int-1:     It affects your intelligence (-1).
   Dex+1:     It affects your dexterity (+1).
   rPois:     It protects you from poison rN+: It protects you from negative
   energy.
 K - +0 acid dragon scales (worn)
Jewellery
 h - a ring of poison resistance (left claw)
 y - an amulet of guardian spirit (around neck)
 C - a ring of fire
 D - an amulet of the acrobat
Talismans
 j - a maw talisman
 r - a flux talisman
 u - a blade talisman
 z - a serpent talisman
 I - a beast talisman
Wands
 f - a wand of polymorph (6)
 l - a wand of iceblast (4)
 v - a wand of paralysis (4)
 H - a wand of flame (64)
Scrolls
 o - 3 scrolls of teleportation
Potions
 c - a potion of might
 d - 2 potions of attraction
 g - 2 potions of berserk rage
 i - a potion of degeneration {!q!q!q!q}
 m - 2 potions of haste
 n - a potion of mutation {!q!q}
 p - 2 potions of lignification {unknown}
 q - 2 potions of brilliance
 s - a potion of invisibility
 t - 4 potions of magic
 A - a potion of heal wounds {unknown}
 E - a potion of curing


   Skills:
 + Level 6.5 Fighting
 + Level 6.4 Dodging
 + Level 7.1 Shields
 * Level 10.4 Unarmed Combat


You had 9 spell levels left.
You didn't know any spells.
Your spell library contained the following spells:

 Spells                   Type           Power      Damage    Failure   Level
 Freeze                   Ice            0%         1d3       82%         1
 Jinxbite                 Hex            0%         N/A       91%         2
 Sublimation of Blood     Necr           0%         N/A       91%         2
 Frozen Ramparts          Ice            0%         1d1       99%         3
 Hailstorm                Conj/Ice       0%         3d5       99%         3
 Animate Dead             Necr           0%         N/A       100%        4
 Passage of Golubria      Tloc           0%         N/A       100%        4
 Petrify                  Alch/Erth      0%         N/A       100%        4
 Borgnjor's Vile Clutch   Necr/Erth      0%         N/A       100%        5
 Irradiate                Conj/Alch      0%         3d11      100%        5
 Silence                  Hex/Air        0%         N/A       100%        5
 Yara's Violent Unravell  Hex/Alch       0%         3d3       100%        5
 Death Channel            Necr           0%         N/A       100%        6
 Enfeeble                 Hex            0%         N/A       100%        7
 Lehudib's Crystal Spear  Conj/Erth      0%         10d2      100%        8
 Chain Lightning          Conj/Air       0%         N/A       100%        9
 Fire Storm               Conj/Fire      0%         5d1       100%        9
 Shatter                  Erth           0%         3d5*      100%        9


Dungeon Overview and Level Annotations

Branches:
Dungeon (9/15)             Temple (1/1) D:5           Sewer (visited)
   Lair: D:8-11         Orc: D:9-12

Altars:
Ashenzari
Cheibriados
Dithmenos
Elyvilon
Gozag
Kikubaaqudgha
Nemelex Xobeh
Okawaru
Qazlal
Ru
Sif Muna
Uskayaw
Vehumet
Wu Jian
Xom
Yredelemnul
Zin
The Shining One

Shops:
D:6 *   D:9 *

Annotations:
D:9 exclusion: orange crystal statue


Innate Abilities, Weirdness & Mutations

You are too large for most types of armour.
You have claws for hands.
Your natural rate of healing is unusually fast.
You are covered in fur. (AC +1)
You have tough skin. (AC +1)


Message History

You block the killer bee's attack. The wyvern bites you.
A river rat scurries out from under your cloak.
You block the killer bee's attack. The killer bee barely misses you.
The killer bee stings you but does no damage.
You claw the orange crystal statue!
The orange crystal statue is almost destroyed.
You feel sick. The wyvern bites you.
A river rat scurries out from under your cloak.
You block the killer bee's attack. x2
The killer bee stings you but does no damage.
The orange crystal statue fixes its piercing gaze on you.
The wyvern closely misses you. The killer bee barely misses you.
You block the killer bee's attack. The killer bee stings you!
* * * LOW HITPOINT WARNING * * *
You are more poisoned.
The killer bee poisons you!
You scratch the orange crystal statue but do no damage.
The orange crystal statue is almost destroyed.
You feel very sick. You block the killer bee's attack.
The killer bee stings you but does no damage.
The killer bee stings you.
* * * LOW HITPOINT WARNING * * *
You are more poisoned.
The killer bee poisons you!
Your river rat completely misses the killer bee.
The wyvern bites you.
* * * LOW HITPOINT WARNING * * *
The killer bee barely misses you. You block the killer bee's attack.
The killer bee completely misses you.
Unknown command.
You claw the orange crystal statue!
The orange crystal statue is almost destroyed.
You feel very sick. The wyvern bites you!
* * * LOW HITPOINT WARNING * * *
You block the killer bee's attack.
Your river rat bites the orange crystal statue but does no damage.
The killer bee stings you.
You die...

.................[......
........................
........................
........................
........................
/.......##..............
.###....r##.............
##...yy##............
##..yk@##...).......
##.r8yy##......#...
##...##......###..
##?##........ .
###..........
.............
..............


You could see an orange crystal statue (ally target), a wyvern (summoned), 5
killer bees and 2 friendly river rats.

Vanquished Creatures
  Prince Ribbit (D:5)
  Sigmund (D:5)
  2 yaks (D:9)
  Menkaure (D:4)
  2 water moccasins
  An ice beast (D:8)
  A sky beast (D:6)
  An orc warrior (D:8)
  2 black bears
  An ogre (D:6)
  2 centaurs
  2 phantoms
  6 kobold brigands
  2 bullfrogs (D:8)
  2 scorpions
  13 wights
  10 killer bees
  3 howler monkeys (D:8)
  A bombardier beetle (D:7)
  2 hounds (D:4)
  2 jellies
  4 orc priests
  7 orc wizards
  3 iguanas
  Natasha (thrice) (D:2)
  7 hell rats (D:6)
  Robin (D:2)
  8 gnolls
  7 adders
  14 river rats (D:6)
  2 white imps
  2 ufetubi (D:7)
  A ribbon worm (D:2)
  2 dart slugs
  24 orcs
  3 bats
  10 endoplasms
  8 giant cockroaches
  21 goblins
  14 hobgoblins
  12 jackals
  4 quokkas
  11 ball pythons
  5 frilled lizards
  34 kobolds
  6 rats
271 creatures vanquished.

Vanquished Creatures (collateral kills)
  A two-headed ogre (D:9)
  3 yaks (D:9)
  An acid dragon (D:8)
  A wight (D:7)
6 creatures vanquished.

Grand Total: 277 creatures vanquished

Notes
Turn   | Place    | Note
-------+----------+-------------------------------------------
     0 | D:1      | zhorgal the Troll Fighter began the quest for the Orb.
     0 | D:1      | Reached XP level 1. HP: 22/22 MP: 0/0
   119 | D:1      | Reached XP level 2. HP: 29/29 MP: 1/1
   455 | D:1      | Reached XP level 3. HP: 36/36 MP: 2/2
   641 | D:2      | Noticed Robin
   704 | D:2      | Killed Robin
   705 | D:2      | Reached skill level 3 in Unarmed Combat
  1009 | D:2      | Reached XP level 4. HP: 39/44 MP: 3/3
  1076 | D:2      | Noticed Natasha
  1080 | D:2      | Killed Natasha
  1536 | D:2      | Noticed Natasha
  1542 | D:2      | Killed Natasha
  1543 | D:2      | Reached XP level 5. HP: 53/53 MP: 4/4
  1559 | D:2      | Noticed Natasha
  1563 | D:2      | Killed Natasha
  2285 | D:4      | Reached skill level 4 in Unarmed Combat
  2367 | D:4      | Found a glowing drain.
  2382 | Sewer    | Entered a sewer
  2423 | Sewer    | Reached XP level 6. HP: 29/61 MP: 5/5
  2756 | D:4      | Reached skill level 5 in Unarmed Combat
  2759 | D:4      | Reached XP level 7. HP: 62/68 MP: 6/6
  2804 | D:4      | Noticed Menkaure
  2808 | D:4      | Killed Menkaure
  3303 | D:5      | Entered Level 5 of the Dungeon
  3317 | D:5      | Reached skill level 6 in Unarmed Combat
  3466 | D:5      | Found a staircase to the Ecumenical Temple.
  3472 | D:5      | Noticed Prince Ribbit
  3490 | D:5      | Killed Prince Ribbit
  3491 | D:5      | Reached XP level 8. HP: 74/79 MP: 7/7
  3519 | Temple   | Entered the Ecumenical Temple
  3536 | Temple   | Became a worshipper of the Wu Jian Council
  3814 | D:5      | Noticed Sigmund
  3819 | D:5      | Killed Sigmund
  3820 | D:5      | Reached skill level 5 in Shields
  3820 | D:5      | Reached skill level 7 in Unarmed Combat
  4476 | D:6      | Reached * piety under Wu Jian
  4479 | D:6      | Reached skill level 5 in Fighting
  4537 | D:6      | Found a shimmering altar of Xom.
  4546 | D:6      | Reached XP level 9. HP: 88/88 MP: 8/8
  4735 | D:6      | Reached skill level 5 in Dodging
  4774 | D:6      | Found Vurer's Lightly-Used Armoury.
  4851 | D:6      | Reached skill level 8 in Unarmed Combat
  5025 | D:6      | Found the +2 ratskin cloak {*Rats rPois rN+ Str-1 Int-1
                  | Dex+1}
  5470 | D:7      | Reached ** piety under Wu Jian
  5559 | D:7      | Found an ancient bone altar of Kikubaaqudgha.
  5871 | D:7      | Found a broken altar of Ashenzari.
  6153 | D:8      | Reached skill level 9 in Unarmed Combat
  6397 | D:8      | Reached XP level 10. HP: 98/98 MP: 9/9
  6693 | D:8      | Reached *** piety under Wu Jian
  6976 | D:9      | Reached skill level 10 in Unarmed Combat
  7021 | D:9      | Found Jylun's Serpentskin Sales.
  7113 | D:9      | Noticed a two-headed ogre
  7119 | D:9      | Killed a two-headed ogre
  7158 | D:9      | Noticed an orange crystal statue
  7180 | D:9      | HP: 3/100 [wyvern[an orange crystal statue] (11)]
  7180 | D:9      | Slain by a killer bee

Illustrated notes

Levels and vault maps discovered:
D:1:      dpeg_arrival_arbitrary_c, layout_loops_ring
D:2:      layout_basic, kennysheep_big_empty_room, glass_columns_a,
          uniq_natasha, uniq_robin
D:3:      layout_rooms, minmay_fractal_squares_5
D:4:      corexii_shack_village, layout_basic, gup_sewer_entry_pipe,
          uniq_menkaure
D:5:      layout_loops_ring, temple_pool_b, uniq_prince_ribbit1, uniq_sigmund
D:6:      wander_guarded_unrand_ratskin, layout_layer_cave,
          mainiacjoe_overflow_six_doors_small, reono_crystal_passage,
          minmay_shop_damaged, feat_on_display
D:7:      layout_loops_ring, ashenzari_altar_1, kiku_gazebo_pond_becter,
          dreamdust_wishing_well, kennysheep_generic_room_9
D:8:      layout_basic
D:9:      minmay_separated_statues, layout_cross, mainiacjoe_overflow_alcove_3,
          guppyfry_shop_venom
Temple:   nicolae_temple_bog_church

Skill      XL: |  1  2  3  4  5  6  7  8  9 10 |
---------------+-------------------------------+-----
Shields        | 3 4 5 6 7 |  7.1
Unarmed Combat | 3 4 5 6 7 9 10 | 10.4
Fighting       | 3 4 5 6 |  6.5
Dodging        | 3 4 5 6 |  6.4

Action                     |  1- 3 |  4- 6 |  7- 9 | 10-12 || total
---------------------------+-------+-------+-------+-------++-------
  Melee: Unarmed           |   112 |   179 |   398 |   108 ||   797
Ability: Lunge             |       |       |    19 |     6 ||    25
         Whirlwind         |       |       |       |    20 ||    20
    Use: Scroll            |       |     6 |    12 |       ||    18
   Stab: Sleeping          |       |     1 |     2 |       ||     3
         Distracted        |       |       |       |     1 ||     1
 Armour: Robe              |    73 |   118 |   266 |    19 ||   476
         Skin              |     9 |       |       |       ||     9
         Acid dragon scale |       |       |       |    63 ||    63
  Dodge: Dodged            |    42 |    69 |   164 |    66 ||   341
  Block: Kite shield       |    57 |    90 |   199 |    59 ||   405
